 Dungeon Crawl Stone Soup version 0.31-a0-625-gc9c7e45f3f (webtiles) character file.

Game seed: 16859007500780672976

11790 Ijustatesigmund the Blocker (level 11, -32/89 HPs)
             Began as a Gnoll Fighter on Aug 24, 2023.
             Was a Priest of Cheibriados.
             Killed from afar by an ice dragon (35 damage)
             ... with a blast of cold
             ... on level 10 of the Dungeon.
             The game lasted 00:19:24 (11338 turns).

Ijustatesigmund the Blocker (Gnoll Fighter)        Turns: 11338, Time: 00:19:25

Health: -32/89     AC: 13    Str: 23    XL:     11   Next: 83%
Magic:  18/21      EV: 21    Int: 20    God:    Cheibriados [***...]
Gold:   1748       SH: 12    Dex: 20    Spells: 21/23 levels left

rFire   . . .        x - +0 war axe (elec)
rCold   . . .        c - +0 buckler
rNeg    . . .        b - +0 acid dragon scales
rPois   .            (no helmet)
rElec   .            r - +0 cloak
rCorr   +            w - +0 pair of gloves
SInv    .            f - +1 pair of boots
Will    .....        k - amulet of reflection
Stlth   +++          m - ring of resist corrosion
HPRegen 0.34/turn    B - +5 ring of evasion
MPRegen 0.17/turn

%: reflection
@: studying Ranged Weapons, very slow
A: fangs 1, strong nose, distributed training
a: Renounce Religion, Bend Time, Temporal Distortion


You were on level 10 of the Dungeon.
You worshipped Cheibriados.
Cheibriados was most pleased with you.
You visited 2 branches of the dungeon, and saw 11 of its levels.
You also visited: Ossuary and Bailey.

You collected 1748 gold pieces.

Inventory:

Hand Weapons
 a - a +0 broad axe
 s - a +3 quarterstaff of chaos
 x - a +0 war axe of electrocution (weapon)
Armour
 b - +0 acid dragon scales (worn)
 c - a +0 buckler (worn)
 f - a +1 pair of boots (worn)
 r - a +0 cloak (worn)
 w - a +0 pair of gloves (worn)
Jewellery
 i - the amulet of Elemental Vulnerability {rPois rF-- rC-- AC+8}
   (You found it on level 8 of the Dungeon)

   [amulet of nothing]

   AC+8:      It affects your AC (+8).
   rF--:      It makes you very vulnerable to fire.
   rC--:      It makes you very vulnerable to cold.
   rPois:     It protects you from poison
 j - a ring of wizardry
 k - an amulet of reflection (around neck)
 l - a +6 ring of dexterity
 m - a ring of resist corrosion (left hand)
 u - a ring of fire
 A - an amulet of faith
 B - a +5 ring of evasion (right hand)
Talismans
 F - a beast talisman
Wands
 e - a wand of flame (7)
Scrolls
 h - a scroll of amnesia
 n - a scroll of vulnerability
 p - a scroll of revelation
 t - 2 scrolls of identify
 y - a scroll of immolation
 E - a scroll of enchant armour
 G - a scroll of summoning {unknown}
Potions
 d - a potion of haste
 o - a potion of mutation
 q - 3 potions of cancellation
 v - 2 potions of attraction
 z - 4 potions of curing
 D - 2 potions of resistance
 I - a potion of heal wounds


   Skills:
 + Level 9.5 Fighting
 + Level 6.8 Short Blades
 + Level 6.8 Long Blades
 + Level 8.3 Axes
 + Level 6.8 Maces & Flails
 + Level 6.8 Polearms
 + Level 6.8 Staves
 + Level 8.9 Ranged Weapons
 + Level 6.8 Throwing
 + Level 9.5 Armour
 + Level 6.8 Dodging
 + Level 6.8 Stealth
 + Level 9.5 Shields
 + Level 6.8 Unarmed Combat
 + Level 6.8 Spellcasting
 + Level 5.6 Conjurations
 + Level 5.6 Hexes
 + Level 5.6 Summonings
 + Level 5.6 Necromancy
 + Level 5.6 Translocations
 + Level 5.6 Transmutations
 + Level 5.6 Fire Magic
 + Level 5.6 Ice Magic
 + Level 5.6 Air Magic
 + Level 5.6 Earth Magic
 + Level 5.6 Poison Magic
 + Level 7.4 Invocations
 + Level 6.8 Evocations
 + Level 6.2 Shapeshifting


You had 21 spell levels left.
You knew the following spells:

 Your Spells              Type           Power      Damage    Failure   Level
a - Passwall              Tmut/Erth      24%        N/A       1%          2

Your spell library contained the following spells:

 Spells                   Type           Power      Damage    Failure   Level
 Ensorcelled Hibernation  Hex/Ice        58%        N/A       1%          2
 Swiftness                Air            29%        N/A       4%          3


Dungeon Overview and Level Annotations

Branches:
Dungeon (10/15)            Temple (1/1) D:5            Lair (0/5) D:9
    Orc (0/2) D:10        Ossuary (visited)          Bailey (visited)

Altars:
Ashenzari
Cheibriados
Dithmenos
Elyvilon
Fedhas
Gozag
Hepliaklqana
Kikubaaqudgha
Nemelex Xobeh
Okawaru
Qazlal
Ru
Sif Muna
Trog
Uskayaw
Vehumet
Xom
Yredelemnul
Zin
The Shining One


Innate Abilities, Weirdness & Mutations

You have very sharp teeth.
Your uncanny sense of smell can sniff out nearby items.
Your experience applies equally to all skills.


Message History

An ice dragon comes into view.
Okay, then.
Found 19 gold pieces.
Found 105 gold pieces.
Found 57 gold pieces, a chain mail and a scale mail.
The ice dragon roars deafeningly!
You hit the ice dragon but do no damage.
You hear a howl!
You hear a shout!
The ice dragon breathes frost at you. The blast of cold hits you!!!
Ouch! That really hurt!
You hear a shout!
The flow of time bends around you.
The ice dragon resists with some effort.
The ice dragon breathes frost at you. The blast of cold hits you!!!
* * * LOW HITPOINT WARNING * * *
You completely miss the ice dragon.
You bite the ice dragon, but do no damage.
You block the ice dragon's attack. The ice dragon claws you.
* * * LOW HITPOINT WARNING * * *
The ice dragon misses you.
You hit the ice dragon.
You bite the ice dragon, but do no damage.
The ice dragon is lightly wounded.
You block the ice dragon's attack. x2
The ice dragon tramples you but does no damage.
You hit the ice dragon.
You bite the ice dragon, but do no damage.
The ice dragon is lightly wounded.
The ice dragon barely misses you. You block the ice dragon's attack.
The ice dragon tramples you.
* * * LOW HITPOINT WARNING * * *
You stumble backwards!
Blink to where?
Press: ? - help, Dir - move target
As you read the scroll of blinking, it crumbles to dust.
The ice dragon breathes frost at you. The blast of cold hits you!!
You die...

##)..####################### ##
..##...........[...........#####.
#................................
##.#####.#########.#####....PPPP)
#.##...)†..##.#.#.#,..#.#?......
#.#..#####..#...#.#..##.####....
#.#.##$$[##.#,........#.#**###..
#.#.#$$[.$#§###....#**#...# ##..
#...#$$....D...@#...,,..#.#*#...
#.#.#$$.$.#.#...#...,.#.#.#...#.
#.#.##$$$##.##..#,,,###.#..$#.#.
#.#..####*..#...#,*,,,#....##.##
#.##..,..,.##.#.#,*,*,#....##.*
#.#*###.###*#####,****#...,,..*
#.#*#..Y.,,,**,,,,,,,**,,,***,*
#Y#*Y.Y.,,*,*,,*****,,*,*,**,,*
#Y#..y,,***,*,*,,,,**,*,*,**,,**


You could see an ice dragon (catching breath).

Vanquished Creatures
  2 vault guards (Bailey)
  2 two-headed ogres
  Pikel (D:7)
  A deep elf pyromancer (D:10)
  An orc sorcerer (D:10)
  Maurice (D:9)
  Joseph (D:7)
  A kobold demonologist (D:8)
  Prince Ribbit (Bailey)
  A hornet (D:8)
  4 humans (Bailey)
  A wraith (D:5)
  A steam dragon (D:5)
  10 yaks (D:10)
  Edmund (D:5)
  Menkaure (D:4)
  2 acid dragons (D:9)
  A water moccasin (D:7)
  4 orc warriors
  2 ice beasts
  2 sky beasts
  A black bear (D:6)
  An ogre (D:4)
  3 centaurs
  3 lemures (D:7)
  2 phantoms (D:5)
  13 bullfrogs
  A kobold brigand (D:6)
  A gnoll sergeant (D:5)
  12 scorpions
  A killer bee (D:10)
  A howler monkey (D:6)
  A human zombie (Ossuary)
  3 centaur zombies (Ossuary)
  3 jellies
  8 orc priests
  Crazy Yiuf (D:3)
  Jessica (D:3)
  A scorpion zombie (Ossuary)
  Terence (D:2)
  12 orc wizards
  3 mummies (Ossuary)
  8 adders
  A white imp (D:7)
  An ufetubus (D:5)
  2 dart slugs
  48 orcs
  A ball python (D:4)
  4 endoplasms
  3 giant cockroaches
  13 goblins
  5 hobgoblins
  3 quokkas
  2 bats (D:2)
  A frilled lizard (D:1)
  6 gnoll zombies (Ossuary)
  6 goblin zombies (Ossuary)
  A hobgoblin zombie (Ossuary)
  8 kobolds
  A kobold zombie (Ossuary)
  3 orc zombies (Ossuary)
  5 rats
236 creatures vanquished.

Vanquished Creatures (others)
  An orc wizard (D:9)
  A howler monkey simulacrum (D:10)
2 creatures vanquished.

Grand Total: 238 creatures vanquished

Notes
Turn   | Place    | Note
-------+----------+-------------------------------------------
     0 | D:1      | Ijustatesigmund the Gnoll Fighter began the quest for the
                  | Orb.
     0 | D:1      | Reached XP level 1. HP: 23/23 MP: 1/1
    52 | D:1      | Reached XP level 2. HP: 29/29 MP: 2/2
   842 | D:2      | Reached XP level 3. HP: 35/35 MP: 3/3
   854 | D:2      | Noticed Terence
   865 | D:2      | Killed Terence
   866 | D:2      | Reached skill level 1 in Short Blades
   866 | D:2      | Reached skill level 1 in Long Blades
   866 | D:2      | Reached skill level 1 in Maces & Flails
   866 | D:2      | Reached skill level 1 in Polearms
   866 | D:2      | Reached skill level 1 in Staves
   866 | D:2      | Reached skill level 1 in Ranged Weapons
   866 | D:2      | Reached skill level 1 in Throwing
   866 | D:2      | Reached skill level 1 in Dodging
   866 | D:2      | Reached skill level 1 in Stealth
   866 | D:2      | Reached skill level 1 in Unarmed Combat
   866 | D:2      | Reached skill level 1 in Spellcasting
   866 | D:2      | Reached skill level 1 in Invocations
   866 | D:2      | Reached skill level 1 in Evocations
  1034 | D:2      | Reached XP level 4. HP: 37/41 MP: 5/5
  1367 | D:2      | Reached skill level 1 in Shapeshifting
  1438 | D:3      | Reached skill level 1 in Conjurations
  1438 | D:3      | Reached skill level 1 in Hexes
  1438 | D:3      | Reached skill level 1 in Summonings
  1438 | D:3      | Reached skill level 1 in Necromancy
  1438 | D:3      | Reached skill level 1 in Translocations
  1438 | D:3      | Reached skill level 1 in Transmutations
  1438 | D:3      | Reached skill level 1 in Fire Magic
  1438 | D:3      | Reached skill level 1 in Ice Magic
  1438 | D:3      | Reached skill level 1 in Air Magic
  1438 | D:3      | Reached skill level 1 in Earth Magic
  1438 | D:3      | Reached skill level 1 in Poison Magic
  1666 | D:3      | Reached XP level 5. HP: 47/47 MP: 5/7
  1689 | D:3      | Noticed Jessica
  1706 | D:3      | Killed Jessica
  2220 | D:3      | Found a runed translucent door.
  2221 | D:3      | Noticed Crazy Yiuf
  2226 | D:3      | Killed Crazy Yiuf
  2311 | D:4      | Noticed an ogre
  2319 | D:4      | Killed an ogre
  2320 | D:4      | Reached skill level 5 in Axes
  2320 | D:4      | Reached XP level 6. HP: 53/53 MP: 7/9
  2820 | D:4      | Noticed Menkaure
  2828 | D:4      | Killed Menkaure
  2829 | D:4      | Reached XP level 7. HP: 23/60 MP: 10/10
  3471 | D:5      | Entered Level 5 of the Dungeon
  3518 | D:5      | Found a staircase to the Ecumenical Temple.
  3525 | Temple   | Entered the Ecumenical Temple
  3952 | D:5      | Noticed Edmund
  3971 | D:5      | Killed Edmund
  4251 | D:5      | Found a shadowy altar of Dithmenos.
  4318 | D:5      | Reached XP level 8. HP: 63/67 MP: 12/12
  4399 | D:5      | Noticed a wraith
  4414 | D:5      | Killed a wraith
  5119 | D:6      | Identified a scroll of acquirement
  5119 | D:6      | Acquired 1212 gold pieces
  5181 | D:6      | Reached XP level 9. HP: 60/73 MP: 14/14
  5797 | D:6      | Found a snail-covered altar of Cheibriados.
  5799 | D:6      | Found a radiant altar of Vehumet.
  5883 | D:6      | Became a worshipper of Cheibriados the Contemplative
  6252 | D:7      | Noticed Joseph
  6278 | D:7      | Killed Joseph
  6279 | D:7      | Reached skill level 5 in Ranged Weapons
  6640 | D:7      | Reached skill level 5 in Invocations
  6697 | D:7      | Noticed Pikel
  6710 | D:7      | Killed Pikel
  7251 | D:7      | Reached * piety under Cheibriados
  7594 | D:7      | Reached XP level 10. HP: 75/80 MP: 17/17
  7898 | D:8      | Reached skill level 5 in Short Blades
  7898 | D:8      | Reached skill level 5 in Long Blades
  7898 | D:8      | Reached skill level 5 in Maces & Flails
  7898 | D:8      | Reached skill level 5 in Polearms
  7898 | D:8      | Reached skill level 5 in Staves
  7898 | D:8      | Reached skill level 5 in Throwing
  7898 | D:8      | Reached skill level 5 in Dodging
  7898 | D:8      | Reached skill level 5 in Stealth
  7898 | D:8      | Reached skill level 5 in Unarmed Combat
  7898 | D:8      | Reached skill level 5 in Spellcasting
  7898 | D:8      | Reached skill level 5 in Evocations
  7972 | D:8      | Found a sand-covered staircase.
  7995 | Ossuary  | Entered an ossuary
  8146 | Ossuary  | Reached ** piety under Cheibriados
  8423 | D:8      | Learned a level 2 spell: Passwall
  8423 | D:8      | Found the amulet of Elemental Vulnerability {rPois rF--
                  | rC-- AC+8}
  8534 | D:8      | Noticed a kobold demonologist
  8558 | D:8      | Killed a kobold demonologist
  8883 | D:9      | Reached skill level 5 in Shapeshifting
  9075 | D:9      | Noticed a two-headed ogre
  9094 | D:9      | Killed a two-headed ogre
  9349 | D:9      | Found a staircase to the Lair.
  9386 | D:9      | Noticed Maurice
  9435 | D:9      | Killed Maurice
  9924 | D:10     | Entered Level 10 of the Dungeon
  9943 | D:10     | Noticed a deep elf pyromancer
  9943 | D:10     | Noticed a deep elf zephyrmancer
  9953 | D:10     | Noticed an orc sorcerer
  9958 | D:10     | Reached *** piety under Cheibriados
  9966 | D:10     | Reached XP level 11. HP: 53/87 MP: 19/19
  9976 | D:10     | HP: 3/89 [deep elf pyromancer/bolt of fire (30)]
  9982 | D:10     | Paralysed by an orc sorcerer for 4 turns
  9986 | D:10     | Noticed a deep elf pyromancer
  9998 | D:10     | Killed a deep elf pyromancer
  9999 | D:10     | Reached skill level 5 in Conjurations
  9999 | D:10     | Reached skill level 5 in Hexes
  9999 | D:10     | Reached skill level 5 in Summonings
  9999 | D:10     | Reached skill level 5 in Necromancy
  9999 | D:10     | Reached skill level 5 in Translocations
  9999 | D:10     | Reached skill level 5 in Transmutations
  9999 | D:10     | Reached skill level 5 in Fire Magic
  9999 | D:10     | Reached skill level 5 in Ice Magic
  9999 | D:10     | Reached skill level 5 in Air Magic
  9999 | D:10     | Reached skill level 5 in Earth Magic
  9999 | D:10     | Reached skill level 5 in Poison Magic
 10037 | D:10     | Found a flagged portal.
 10038 | D:10     | Noticed a two-headed ogre
 10053 | D:10     | Killed a two-headed ogre
 10065 | Bailey   | Entered a bailey
 10605 | Bailey   | Noticed Prince Ribbit
 10605 | Bailey   | Noticed a vault guard
 10612 | Bailey   | Killed Prince Ribbit
 10625 | Bailey   | Killed a vault guard
 10625 | Bailey   | Reached **** piety under Cheibriados
 10809 | Bailey   | Noticed a vault guard
 10823 | Bailey   | Killed a vault guard
 10995 | D:10     | Paralysed by an orc sorcerer for 5 turns
 11004 | D:10     | Noticed a sun demon
 11006 | D:10     | Killed an orc sorcerer
 11020 | D:10     | Noticed a purple ugly thing
 11329 | D:10     | Noticed an ice dragon
 11335 | D:10     | HP: 4/89 [ice dragon (4)]
 11338 | D:10     | Killed from afar by an ice dragon

Illustrated notes

Levels and vault maps discovered:
D:1:      saegor_arrival_simple_a, layout_basic, serial_forest,
          infiniplex_forest_lined_2, infiniplex_forest_clump_medium,
          infiniplex_forest_clump_cross, infiniplex_forest_lined_room_3,
          grunt_decor_resistance
D:2:      layout_loops_ring, uniq_terence
D:3:      layout_loops_ring, serial_park_tiny_2, uniq_crazy_yiuf_cottage,
          uniq_jessica
D:4:      layout_basic, kennysheep_orc_chapel, uniq_menkaure
D:5:      layout_gridville, nicolae_dithmenos_the_darkroom,
          minmay_temple_entry_arrows, nicolae_kite_square_tiling_tiny,
          grunt_decor_arrowhead, hangedman_decor_growths, minmay_manual_mess,
          uniq_edmund
D:6:      layout_basic, nicolae_overflow_hidden_temple, serial_glass,
          glass_columns_a, glass_columns_b, minmay_misc_feat_ornament
D:7:      layout_gridville, serial_bayou_pond_d, uniq_joseph, uniq_pikel
D:8:      layout_rooms, nicolae_ossuary_entry_monument
D:9:      layout_irregular_city, lair_entry_dummy, uniq_maurice
D:10:     minmay_the_grid_3x2 [minmay_the_grid_dragon_b,
          minmay_the_grid_tri_star, minmay_the_grid_garden,
          minmay_the_grid_spikes, minmay_the_grid_odd_star,
          minmay_the_grid_prize_inner_circle], layout_rooms, lemuel_tele_altar,
          mainiacjoe_overflow_boulevard, enter_bailey_5
Temple:   minmay_temple_bridge_d

Skill      XL: |  1  2  3  4  5  6  7  8  9 10 11 |
---------------+----------------------------------+-----
Short Blades   | 1 2 3 4 5 6 |  6.8
Long Blades    | 1 2 3 4 5 6 |  6.8
Maces & Flails | 1 2 3 4 5 6 |  6.8
Polearms       | 1 2 3 4 5 6 |  6.8
Staves         | 1 2 3 4 5 6 |  6.8
Ranged Weapons | 1 2 3 4 5 7 8 |  8.9
Throwing       | 1 2 3 4 5 6 |  6.8
Dodging        | 1 2 3 4 5 6 |  6.8
Stealth        | 1 2 3 4 5 6 |  6.8
Unarmed Combat | 1 2 3 4 5 6 |  6.8
Spellcasting   | 1 2 3 4 5 6 |  6.8
Invocations    | 1 2 3 4 5 6 7 |  7.4
Evocations     | 1 2 3 4 5 6 |  6.8
Shapeshifting  | 1 2 3 4 5 6 |  6.2
Conjurations   | 1 2 3 4 5 |  5.6
Hexes          | 1 2 3 4 5 |  5.6
Summonings     | 1 2 3 4 5 |  5.6
Necromancy     | 1 2 3 4 5 |  5.6
Translocations | 1 2 3 4 5 |  5.6
Transmutations | 1 2 3 4 5 |  5.6
Fire Magic     | 1 2 3 4 5 |  5.6
Ice Magic      | 1 2 3 4 5 |  5.6
Air Magic      | 1 2 3 4 5 |  5.6
Earth Magic    | 1 2 3 4 5 |  5.6
Poison Magic   | 1 2 3 4 5 |  5.6
Axes           | 5 6 7 8 |  8.3
Fighting       | 7 8 9 |  9.5
Armour         | 7 8 9 |  9.5
Shields        | 7 8 9 |  9.5

Action                     |  1- 3 |  4- 6 |  7- 9 | 10-12 || total
---------------------------+-------+-------+-------+-------++-------
  Melee: War axe           |    52 |   111 |   290 |   430 ||   883
         Bite              |     4 |     9 |    36 |    80 ||   129
 Invoke: Bend Time         |       |       |       |     3 ||     3
         Slouch            |       |       |       |     1 ||     1
    Use: Potion            |       |       |     5 |     5 ||    10
         Scroll            |       |       |    14 |    10 ||    24
   Stab: Sleeping          |       |       |     2 |     7 ||     9
         Distracted        |       |       |     2 |       ||     2
 Armour: Scale mail        |    22 |    33 |    45 |       ||   100
         Steam dragon scal |       |       |    61 |    72 ||   133
         Acid dragon scale |       |       |       |    35 ||    35
  Dodge: Dodged            |    15 |    28 |   159 |   289 ||   491
  Block: Buckler           |     8 |    57 |   175 |   289 ||   529
         Reflection        |       |       |     4 |    13 ||    17
         Form:             |       |       |     1 |       ||     1
         Beast             |       |       |     1 |       ||     1

Table legend: (Time is in decaauts)
 A = Elapsed time spent in this place.
 B = Non-inter-level travel time spent in this place.
 C = Inter-level travel time spent in this place.
 D = Time resting spent in this place.
 E = Time spent auto-exploring this place.
 F = Levels seen in this place.
 G = Mean time per level.
                   A        B        C        D        E       F      G
               +--------+--------+--------+--------+--------+-----+--------+
         Total |  12526 |  12132 |    394 |   2891 |   6973 |  13 |  963.5 |
       Dungeon |  10850 |  10584 |    266 |   2378 |   6459 |  10 | 1085.0 |
        Temple |    175 |     47 |    128 |      0 |      0 |   1 |  175.0 |
       Ossuary |    517 |    517 |      0 |      0 |    262 |   1 |  517.0 |
        Bailey |    982 |    982 |      0 |    512 |    251 |   1 |  982.0 |
               +--------+--------+--------+--------+--------+-----+--------+

Top non-repeatable levels by time:
     D:7: 2173 daAuts
     D:5: 1437 daAuts
     D:9: 1379 daAuts
     D:4: 1232 daAuts
  Bailey: 982 daAuts
     D:8: 882 daAuts
     D:3: 856 daAuts
     D:6: 819 daAuts
     D:1: 742 daAuts
     D:2: 690 daAuts
    D:10: 637 daAuts
 Ossuary: 517 daAuts
  Temple: 175 daAuts
